 Dungeon Crawl Stone Soup version 0.16.0-6-gad6103a (console) character file.

50 gw the Stinger (level 4, 0/31 HPs)
             Began as a Human Venom Mage on Mar 15, 2015.
             Succumbed to an adder's poison
             ... on level 3 of the Dungeon.
             The game lasted 00:02:09 (2116 turns).

gw the Stinger (Human Venom Mage)                   Turns: 2116, Time: 00:02:09

Health: 0/31       AC:  6    Str:  9    XL:     4   Next: 4%
Magic:  0/9        EV: 12    Int: 16    God:
Gold:   122        SH:  0    Dex: 13    Spells: 2 memorised, 5 levels left

rFire  . . .     SeeInvis .     a - +0 dagger
rCold  . . .     Clarity  .     i - +0 leather armour
rNeg   . . .     SustAb   .     (no shield)
rPois  .         Gourm    .     o - +1 helmet
rElec  .         Spirit   .     (no cloak)
rCorr  .         Warding  .     (no gloves)
rMut   .         Stasis   .     g - +0 pair of boots
MR     .....                    (no amulet)
Stlth  ++........               (no ring)
                                (no ring)

@: lethally poisoned (0 -> -19), not resistant to hostile enchantments,
unstealthy
A: no striking features
a: no special abilities


You were on level 3 of the Dungeon.
You were not hungry.

You visited 1 branch of the dungeon, and saw 3 of its levels.

You collected 122 gold pieces.

Inventory:

Hand weapons
 a - a +0 dagger (weapon)
Missiles
 d - 10 stones (quivered)
 n - 32 arrows
Armour
 g - a +0 pair of boots (worn)
 i - a +0 leather armour (worn)
 o - a +1 helmet (worn)
Scrolls
 e - 8 scrolls of identify
 l - 2 scrolls of remove curse
Books
 b - a Young Poisoner's Handbook

   Spells                             Type                      Level
   a - Sting                          Conjuration/Poison           1
   b - Cure Poison                    Poison                       2
   c - Mephitic Cloud                 Conjuration/Poison/Air       3
   d - Olgreb's Toxic Radiance        Poison                       4
   e - Venom Bolt                     Conjuration/Poison           5
Comestibles
 c - 4 bread rations
 f - 4 meat rations
 h - a chunk of flesh
 j - 3 beef jerkies
 p - 2 fruits


   Skills:
 + Level 0.6 Fighting
 + Level 0.4 Short Blades
 + Level 1.0 Armour
 - Level 2.0 Dodging
 - Level 2.0 Stealth
 * Level 3.0 Spellcasting
 + Level 4.2 Poison Magic


You had 5 spell levels left.
You knew the following spells:

 Your Spells              Type           Power        Failure   Level  Hunger
a - Sting                 Conj/Pois      #...         14%         1    #......
b - Mephitic Cloud        Conj/Pois/Air  #.......     45%         3    ###....


Dungeon Overview and Level Annotations

Branches:
Dungeon (3/15)

Altars:
Nemelex Xobeh


Message History

You miss the adder.
The adder is severely wounded.
You feel sick. The adder barely misses you.
Unknown command.
Unknown command.
Unknown command.
Unknown command.
ATTACKING (-1,1)
You hit the adder.
You kill the adder!
Your Armour skill increases to level 1!
Your Spellcasting skill increases to level 3!
You have reached level 4!
You feel stronger.
You feel sick.
Unknown command.
Unknown command.
Unknown command.
Unknown command.
MOVING TO (0,-7)
You die...

#############.#
#.......)......
#..............
#...............
#...............
#...............
#...............
.#p..............
...#...............
......................#
.....................#
.....................#
######...............#
#.........).....#
###....############
#......#


There were no monsters in sight!

Table legend:
 A = Turns spent in this place as a percentage of turns spent in the entire game.
 B = Non-inter-level travel turns spent in this place as a percentage of non-inter-level travel turns spent in the entire game.
 C = Inter-level travel turns spent in this place as a percentage of turns spent in this place.
 D = Turns resting spent in this place as a percentage of non-inter-level travel turns spent in this place.
 E = Turns spent auto-exploring this place as a percentage of non-inter-level travel turns spent in this place.
 F = Non-inter-level travel turns spent in this place divided by the number of levels of this place that you've seen.
                   A       B       C       D       E      F
               +-------+-------+-------+-------+-------+----------------------
         Total | 100.0 | 100.0 |   0.6 |   2.2 |   3.0 | 930.7
       Dungeon | 100.0 | 100.0 |   0.6 |   2.2 |   3.0 | 930.7
               +-------+-------+-------+-------+-------+----------------------

Table legend:
 A = Kills in this place as a percentage of kills in entire the game.
 B = Kills by you in this place as a percentage of kills by you in the entire game.
 C = Kills by friends in this place as a percentage of kills by friends in the entire game.
 D = Other kills in this place as a percentage of other kills in the entire game.
 E = Experience gained in this place as a percentage of experience gained in the entire game.
 F = Experience gained in this place divided by the number of levels of this place that you have seen.
                   A       B       C       D       E      F
               +-------+-------+-------+-------+-------+----------------------
         Total | 100.0 | 100.0 |  -nan |  -nan | 100.0 |  24.0
       Dungeon | 100.0 | 100.0 |  -nan |  -nan | 100.0 |  24.0
               +-------+-------+-------+-------+-------+----------------------

Vanquished Creatures
  An adder (D:3)
  A worm (D:2)
  6 bats
  3 giant cockroaches (D:1)
  3 goblins
  5 hobgoblins
  2 jackals (D:1)
  2 kobolds
  2 ball pythons
  A giant gecko (D:1)
  2 giant newts
  2 rats (D:1)
30 creatures vanquished.

Notes
Turn   | Place    | Note
--------------------------------------------------------------
     0 | D:1      | gw, the Human Venom Mage, began the quest for the Orb.
     0 | D:1      | Reached XP level 1. HP: 13/13 MP: 3/3
   395 | D:1      | Reached XP level 2. HP: 19/19 MP: 1/5
   950 | D:2      | Found a sparkling altar of Nemelex Xobeh.
  1040 | D:2      | Reached XP level 3. HP: 24/24 MP: 2/6
  1103 | D:2      | Learned a level 3 spell: Mephitic Cloud
  2115 | D:3      | Reached skill level 1 in Armour
  2115 | D:3      | Reached XP level 4. HP: 3/31 MP: 0/9
  2116 | D:3      | Succumbed to an adder's poison

Action                   |  1- 3 |  4- 6 || total
-------------------------+-------+-------++-------
Melee: Club              |     1 |       ||     1
       Dagger            |    14 |       ||    14
 Cast: Sting             |    79 |       ||    79
  Use: Scroll            |     6 |       ||     6
       Potion            |     3 |       ||     3
  Eat: Chunk             |     4 |       ||     4

Vault maps used:
D:1:      grunt_arrival_lava_bath
D:2:      nemelex_xobeh_ov_fountains_minmay
D:3:      nicolae_gozag_seed_capital, lemuel_doored_altar, uniq_natasha
